 Dungeon Crawl Stone Soup version 0.31-a0-265-gcf7e37af1d (webtiles) character file.

Game seed: 8273363171305320169

63718 qw the Warrior (level 14, -7/138 HPs)
             Began as a Minotaur Hexslinger on July 13, 2023.
             Was a High Priest of Okawaru.
             Mangled by a death yak simulacrum (11 damage)
             ... on level 5 of the Lair of Beasts.
             The game lasted 00:07:00 (12602 turns).

qw the Warrior (Minotaur Hexslinger)               Turns: 12602, Time: 00:07:01

Health: -7/138     AC: 13    Str: 16    XL:     14   Next: 69%
Magic:  18/20      EV: 26    Int: 10    God:    Okawaru [*****.]
Gold:   734        SH:  5    Dex: 22    Spells: 14/15 levels left

rFire   + + +        h - +3 orcbow (heavy)
rCold   x . .        (shield currently unavailable)
rNeg    . . .        p - +0 troll leather armour
rPois   +            (helmet restricted)
rElec   .            e - +0 cloak
rCorr   .            n - +0 pair of gloves
SInv    +            i - +2 pair of boots
Will    ++...        s - amulet "Narepug" {Reflect rF+ Str+2 SH+5}
Stlth   +++          r - ring "Virual" {rPois rF++ Will- Dex+5}
HPRegen 1.23/turn    o - ring "Wuprur" {rC- Will++ SInv}
MPRegen 0.17/turn

%: reflection
@: about to teleport, heroic
A: horns 2, retaliatory headbutt
a: Renounce Religion, Heroism, Finesse, Duel


You were on level 5 of the Lair of Beasts.
You worshipped Okawaru.
Okawaru was extremely pleased with you.
You visited 3 branches of the dungeon, and saw 16 of its levels.
You also visited: Gauntlet.

You collected 864 gold pieces.
You spent 130 gold pieces at shops.


Innate Abilities, Weirdness & Mutations

You have a pair of horns on your head.
You reflexively headbutt those who attack you in melee.


   Skills:
 + Level 16.4(21.4) Fighting
 - Level 16.1(21.1) Ranged Weapons
 - Level 9.0(14.0) Armour
 - Level 13.0(18.0) Dodging
 - Level 1.0 Spellcasting
 - Level 2.0 Hexes
 - Level 10.0 Invocations


You had 14 spell levels left.
You knew the following spells:

 Your Spells              Type           Power      Damage    Failure   Level
a - Slow                  Hex            16%        N/A       17%         1

Your spell library contained the following spells:

 Spells                   Type           Power      Damage    Failure   Level
 Inner Flame              Hex/Fire       2%         N/A       61%         3
 Portal Projectile        Hex/Tloc       4%         N/A       61%         3
 Cause Fear               Hex            2%         N/A       86%         4

Inventory:

Hand Weapons
 h - a +3 heavy orcbow (weapon)
Armour
 b - a +2 ring mail of fire resistance
 e - a +0 cloak (worn)
 i - a +2 pair of boots (worn)
 n - a +0 pair of gloves (worn)
 p - a +0 troll leather armour (worn)
Jewellery
 m - a ring of poison resistance
 o - the ring "Wuprur" (right hand) {rC- Will++ SInv}
   (You found it in a Gauntlet)

   [ring of see invisible]

   rC:        It makes you vulnerable to cold.
   SInv:      It lets you see invisible.
   Will:      It greatly increases your willpower.
 r - the ring "Virual" (left hand) {rPois rF++ Will- Dex+5}
   (You took it off a minotaur in a Gauntlet)

   [ring of poison resistance]

   Dex:       It affects your dexterity (+5).
   rF:        It greatly protects you from fire.
   rPois:     It protects you from poison.
   Will:      It decreases your willpower.
 s - the amulet "Narepug" (around neck) {Reflect rF+ Str+2 SH+5}
   (You found it in a Gauntlet)

   [amulet of reflection]

   It reflects blocked missile attacks.
   Str:       It affects your strength (+2).
   rF:        It protects you from fire.
   SH:        It affects your SH (+5).
 t - a +4 ring of protection
Scrolls
 c - 9 scrolls of identify
 k - 2 scrolls of enchant armour {unknown}
Potions
 a - a potion of enlightenment
 d - 4 potions of mutation
 f - 3 potions of might
 g - a potion of curing
 l - 3 potions of haste
 q - a potion of magic
 u - a potion of heal wounds

Dungeon Overview and Level Annotations

Branches:
Dungeon (10/15)            Temple (1/1) D:7            Lair (5/5) D:10
 Shoals (0/4) Lair:3       Spider (0/4) Lair:2        Slime (0/5) Lair:5
Gauntlet (visited)
    Orc: D:9-12

Altars:
Ashenzari
Cheibriados
Dithmenos
Elyvilon
Fedhas
Gozag
Hepliaklqana
Kikubaaqudgha
Makhleb
Nemelex Xobeh
Okawaru
Qazlal
Ru
Sif Muna
Trog
Uskayaw
Vehumet
Wu Jian
Xom
Yredelemnul
Zin
The Shining One
Jiyva

Shops:
D:2 =   D:9 [

Annotations:
D:7 2 transporters


Message History

The cane toad simulacrum is heavily damaged.
The cane toad simulacrum hits you but does no damage.
You shoot an arrow.
The arrow hits the cane toad simulacrum!
The cane toad simulacrum vaporises!
Okawaru accepts your kill.
You shoot an arrow.
The arrow hits the death yak simulacrum but does no damage.
The elephant zombie is engulfed in freezing vapours.
You block the elephant zombie's attack.
The elephant zombie trunk-slaps you but does no damage.
The death yak simulacrum completely misses you.
You shoot an arrow. The arrow hits the elephant zombie!!
The elephant zombie is heavily damaged.
The elephant zombie is engulfed in freezing vapours.
The elephant zombie tramples you.
You stumble backwards!
You shoot an arrow. The arrow hits the elephant zombie!
The elephant zombie is heavily damaged.
The elephant zombie closely misses you.
The elephant zombie completely misses you.
The death yak simulacrum gores you. The death yak simulacrum freezes you!!
You feel a terrible chill!
You shoot an arrow.
The arrow hits the elephant zombie but does no damage.
The elephant zombie is heavily damaged.
The death yak simulacrum gores you!! The death yak simulacrum freezes you!!
You feel a terrible chill! You block the elephant zombie's attack.
The elephant zombie misses you.
12600 ||| INVOKING Heroism.
You gain the combat prowess of a mighty hero.
You shoot an arrow. The arrow hits the elephant zombie!
The elephant zombie is severely damaged.
The death yak simulacrum gores you. The death yak simulacrum freezes you!!!
You feel a terrible chill! The elephant zombie misses you.
The elephant zombie closely misses you.
12602 ||| READING scroll of teleportation.
As you read the scroll of teleportation, it crumbles to dust.
You feel strangely unstable. The death yak simulacrum gores you!
You die...

.%..........................#
'########7.......77######...#
....%...###....7## ##.##
P8#####..P###77# ### 8##
###.#### ## #P...#### p8#
####....#+# ..+ ####.#.# ..+
#.@.# .8# #ZZ8# #''## #..#
.... #P... #.#... ######


You could see a death yak simulacrum and an elephant zombie.

Vanquished Creatures
  Rupert (Lair:5)
  A reaper (Gauntlet)
  A dire elephant (Lair:5)
  A minotaur (Gauntlet)
  Snorg (Lair:5)
  A hydra (Lair:5)
  Erica (Lair:2)
  9 death yaks (Lair:3)
  A boulder beetle (Lair:5)
  A two-headed ogre (D:10)
  A tengu warrior (Gauntlet)
  Sonja (Lair:3)
  5 skysharks
  A spectral death yak (Lair:5)
  A lindwurm (Lair:5)
  2 necromancers (Lair:5)
  An oklob plant (Lair:1)
  A manticore (D:7)
  38 elephants
  2 dire elephant zombies (Lair:5)
  Maurice (D:10)
  Joseph (D:10)
  4 black mambas
  A dire elephant skeleton (Lair:5)
  10 cane toads
  A torpor snail (Lair:2)
  11 komodo dragons
  4 rime drakes
  2 minotaur zombies (Gauntlet)
  Psyche (D:8)
  2 tengu conjurers (Gauntlet)
  2 trolls (D:9)
  A hellwing (Gauntlet)
  A polar bear (Lair:1)
  A hornet (D:10)
  21 blink frogs
  A spectral elephant (Lair:5)
  10 dream sheep
  A slime creature (Lair:5)
  2 centaur simulacra (Gauntlet)
  A vampire (D:9)
  38 yaks
  2 wraiths
  5 wyverns
  6 basilisks
  A death yak simulacrum (Lair:5)
  An acid dragon (D:10)
  15 water moccasins
  An orc warrior (D:9)
  3 sky beasts
  6 black bears
  An elephant zombie (Lair:5)
  3 wolves (Lair:4)
  2 ogres
  7 centaurs
  3 kobold brigands
  3 cane toad simulacra
  14 bullfrogs
  A gnoll sergeant (D:6)
  3 scorpions
  9 wights
  2 elephant simulacra (Lair:5)
  An electric eel (Lair:2)
  3 hounds
  6 jellies
  3 orc priests
  4 sleepcaps
  6 orc wizards
  4 iguanas
  10 gnolls
  7 adders
  3 shadow imps
  3 white imps
  2 worms (D:4)
  A dart slug (D:4)
  47 orcs
  2 bats (D:1)
  7 endoplasms
  5 giant cockroaches
  5 goblins
  6 hobgoblins
  3 quokkas
  5 ball pythons
  A frilled lizard (D:2)
  18 kobolds
  7 rats
435 creatures vanquished.

Vanquished Creatures (others)
  A wyvern (D:8)
1 creature vanquished.

Grand Total: 436 creatures vanquished

Notes
Turn   | Place    | Note
-------+----------+-------------------------------------------
     0 | D:1      | qw the Minotaur Hexslinger began the quest for the Orb.
     0 | D:1      | Reached XP level 1. HP: 16/16 MP: 1/1
     0 | D:1      | 0 ||| qw: Version: 0.3-a-52-g30416fa
     0 | D:1      | 0 ||| qw: Game counter: 7575
     0 | D:1      | 0 ||| qw: Melee chars always use a shield: true
     0 | D:1      | 0 ||| qw: God list: Okawaru
     0 | D:1      | 0 ||| qw: Allow faded altars: false
     0 | D:1      | 0 ||| qw: Do Orc after clearing Dungeon:15 true
     0 | D:1      | 0 ||| qw: Do second Lair branch before Depths: true
     0 | D:1      | 0 ||| qw: Lair rune preference: random
     0 | D:1      | 0 ||| qw: Goals: Normal
     0 | D:1      | 0 ||| PLANNING D:1-11
    71 | D:1      | Found a faded altar of an unknown god.
   139 | D:1      | Reached skill level 3 in Ranged Weapons
   140 | D:1      | Reached XP level 2. HP: 23/23 MP: 2/2
   683 | D:1      | 683 ||| UPGRADING to +0 leather armour.
   693 | D:1      | 693 ||| DROPPING +0 robe.
   694 | D:1      | 694 ||| UPGRADING to +1 pair of boots.
   699 | D:1      | 699 ||| UPGRADING to +2 pair of boots.
   709 | D:1      | 709 ||| DROPPING +1 pair of boots.
   710 | D:1      | 710 ||| READING 2 scrolls labelled NAOLYA OCIEKKO.
   711 | D:1      | 711 ||| READING scroll labelled IXOLEO COONIL.
   714 | D:1      | 714 ||| READING scroll labelled DEDWET EPEXUT.
   715 | D:1      | 715 ||| DROPPING scroll of revelation.
   716 | D:1      | 716 ||| DROPPING scroll of poison.
   794 | D:2      | Found an ancient bone altar of Kikubaaqudgha.
   940 | D:2      | Reached XP level 3. HP: 29/29 MP: 3/3
  1229 | D:2      | Found Jucaiq's Jewellery Shoppe.
  1237 | D:2      | 1237 ||| SHOPLISTING +4 ring of protection (504 gold, have
                  | 99).
  1237 | D:2      | 1237 ||| SHOPLISTING amulet of regeneration (420 gold, have
                  | 99).
  1237 | D:2      | 1237 ||| SHOPLISTING ring of protection from cold (350
                  | gold, have 99).
  1320 | D:2      | 1320 ||| UPGRADING to +0 ring mail.
  1330 | D:2      | 1330 ||| DROPPING +0 leather armour.
  1331 | D:2      | 1331 ||| UPGRADING to amulet of regeneration.
  1336 | D:2      | 1336 ||| UPGRADING to +4 ring of protection.
  1337 | D:2      | 1337 ||| READING scroll labelled QOILLO UTUSIOPH.
  1338 | D:2      | 1338 ||| READING scroll labelled SOOFREGUNT.
  1339 | D:2      | 1339 ||| READING scroll labelled JIFETZA DOSUU.
  1340 | D:2      | 1340 ||| READING 3 scrolls of identify.
  1340 | D:2      | 1340 ||| IDENTIFYING glowing golden potion
  1373 | D:3      | 1373 ||| FLEEEEING.
  1375 | D:3      | 1375 ||| STAIRDANCE
  1396 | D:3      | 1396 ||| STAIRDANCE
  1402 | D:2      | Reached XP level 4. HP: 27/36 MP: 4/4
  1668 | D:3      | Found a shimmering altar of Xom.
  1794 | D:3      | Identified the +1 sling of Pofyipug {elec, rCorr Str-5
                  | Dex+3}
  1796 | D:3      | 1796 ||| SWAPPING to +1 sling of Pofyipug {elec, rCorr
                  | Str-5 Dex+3}.
  1797 | D:3      | 1797 ||| DROPPING +1 sling.
  1875 | D:3      | Reached XP level 5. HP: 41/41 MP: 5/5
  2051 | D:3      | 2051 ||| UPGRADING to +2 ring mail of cold resistance.
  2061 | D:3      | 2061 ||| DROPPING +0 ring mail.
  2062 | D:3      | 2062 ||| READING 2 scrolls labelled FENUNI APIAWKO.
  2063 | D:3      | 2063 ||| READING scroll labelled FOBESTO MOOLISU.
  2064 | D:3      | 2064 ||| READING 4 scrolls of identify.
  2064 | D:3      | 2064 ||| IDENTIFYING red potion
  2065 | D:3      | 2065 ||| READING 3 scrolls of identify.
  2065 | D:3      | 2065 ||| IDENTIFYING glowing yellow potion
  2066 | D:3      | 2066 ||| READING 2 scrolls of identify.
  2066 | D:3      | 2066 ||| IDENTIFYING lumpy emerald potion
  2067 | D:3      | 2067 ||| DROPPING scroll of immolation.
  2068 | D:3      | 2068 ||| DROPPING potion of attraction.
  2069 | D:3      | 2069 ||| DROPPING potion of brilliance.
  2134 | D:4      | Reached skill level 3 in Fighting
  2192 | D:4      | Noticed a black bear
  2197 | D:4      | Killed a black bear
  2198 | D:4      | Reached skill level 6 in Ranged Weapons
  2198 | D:4      | Reached XP level 6. HP: 51/51 MP: 6/6
  2277 | D:4      | Reached XP level 7. HP: 59/59 MP: 7/7
  2800 | D:4      | 2800 ||| READING scroll labelled BIFIRE VUNIU.
  2800 | D:4      | Identified a scroll of acquirement
  2800 | D:4      | 2800 ||| ACQUIRING +3 orcbow of draining
  2800 | D:4      | Acquired a +3 orcbow of draining
  2802 | D:4      | 2802 ||| SWAPPING to +3 orcbow of draining.
  2803 | D:4      | 2803 ||| DROPPING +1 sling of Pofyipug {elec, rCorr Str-5
                  | Dex+3}.
  2804 | D:4      | 2804 ||| READING scroll labelled EHOUTOEGIT.
  2805 | D:4      | 2805 ||| DRINKING 2 fizzy red potions.
  2808 | D:5      | Entered Level 5 of the Dungeon
  3106 | D:5      | 3106 ||| DRINKING 3 pink potions.
  3107 | D:5      | 3107 ||| READING 4 scrolls of identify.
  3107 | D:5      | 3107 ||| IDENTIFYING clear potion
  3108 | D:5      | 3108 ||| DROPPING potion of invisibility.
  3223 | D:6      | Reached skill level 9 in Ranged Weapons
  3223 | D:6      | Reached XP level 8. HP: 68/68 MP: 8/8
  3276 | D:6      | 3276 ||| Stepping ~*~*~tactically~*~*~ (outnumbered).
  3282 | D:6      | Reached skill level 3 in Dodging
  3312 | D:6      | Reached skill level 6 in Fighting
  3702 | D:6      | 3702 ||| UPGRADING to +0 pair of gloves.
  3707 | D:6      | 3707 ||| UPGRADING to ring of poison resistance.
  3708 | D:6      | 3708 ||| READING 4 scrolls of identify.
  3708 | D:6      | 3708 ||| IDENTIFYING glowing ruby potion
  3709 | D:6      | 3709 ||| READING 3 scrolls of identify.
  3709 | D:6      | 3709 ||| IDENTIFYING murky emerald potion
  3710 | D:6      | 3710 ||| DROPPING potion of lignification.
  3726 | D:7      | 3726 ||| STAIRDANCE
  3731 | D:6      | Reached skill level 3 in Armour
  3732 | D:6      | HP: 16/69 [wight/+3 flail (7)]
  3733 | D:6      | 3733 ||| READING scroll of teleportation.
  3734 | D:6      | 3734 ||| DRINKING 2 potions of heal wounds.
  3737 | D:6      | 3737 ||| DRINKING potion of heal wounds.
  3835 | D:7      | 3835 ||| STAIRDANCE
  3948 | D:7      | Noticed a manticore
  3957 | D:7      | Killed a manticore
  3958 | D:7      | Reached XP level 9. HP: 42/79 MP: 9/9
  3976 | D:7      | 3976 ||| FLEEEEING.
  3977 | D:7      | 3977 ||| FLEEEEING.
  3978 | D:7      | 3978 ||| FLEEEEING.
  3982 | D:7      | 3982 ||| FLEEEEING.
  3983 | D:7      | 3983 ||| FLEEEEING.
  3984 | D:7      | 3984 ||| FLEEEEING.
  4017 | D:7      | Found a staircase to the Ecumenical Temple.
  4018 | D:7      | 4018 ||| PLANNING TEMPLE
  4027 | Temple   | Entered the Ecumenical Temple
  4141 | Temple   | 4141 ||| PLANNING D:1-11
  4210 | D:7      | Found a transporter.
  4271 | D:7      | Found a transporter.
  4547 | D:7      | 4547 ||| UPGRADING to +0 cloak.
  4552 | D:7      | 4552 ||| READING 2 scrolls of identify.
  4552 | D:7      | 4552 ||| IDENTIFYING emerald potion
  4553 | D:7      | 4553 ||| DROPPING potion of magic.
  4645 | D:8      | Reached skill level 12 in Ranged Weapons
  4727 | D:8      | Noticed Psyche
  4737 | D:8      | Killed Psyche
  4738 | D:8      | Reached XP level 10. HP: 80/88 MP: 10/10
  4738 | D:8      | 4738 ||| FLEEEEING.
  4739 | D:8      | 4739 ||| FLEEEEING.
  4740 | D:8      | 4740 ||| FLEEEEING.
  4741 | D:8      | 4741 ||| FLEEEEING.
  4742 | D:8      | 4742 ||| FLEEEEING.
  4743 | D:8      | 4743 ||| FLEEEEING.
  4744 | D:8      | 4744 ||| FLEEEEING.
  4745 | D:8      | 4745 ||| FLEEEEING.
  4746 | D:8      | 4746 ||| FLEEEEING.
  4747 | D:8      | 4747 ||| FLEEEEING.
  4748 | D:8      | 4748 ||| FLEEEEING.
  4850 | D:8      | You fall into a shaft and drop 1 floor!
  4963 | D:9      | 4963 ||| DRINKING 2 potions of curing.
  4963 | D:9      | 4963 ||| (to cure confusion)
  5029 | D:9      | Found Nog Weub's Armour Shop.
  5033 | D:9      | 5033 ||| BUYING +0 robe of fire resistance (130 gold).
  5033 | D:9      | Bought a +0 robe of fire resistance for 130 gold pieces
  5033 | D:9      | 5033 ||| SHOPLISTING +2 robe of willpower (300 gold, have
                  | 258).
  5033 | D:9      | 5033 ||| SHOPLISTING +3 leather armour of poison resistance
                  | (357 gold, have 258).
  5063 | D:9      | 5063 ||| DROPPING ring of magical power.
  5133 | D:8      | Found a stormy altar of Qazlal.
  5397 | D:8      | Reached skill level 9 in Fighting
  5510 | D:8      | 5510 ||| READING scroll labelled TALAGI HAESA.
  5734 | D:9      | Found a bloodstained altar of Trog.
  5876 | D:9      | 5876 ||| Stepping ~*~*~tactically~*~*~ (outnumbered).
  5879 | D:9      | 5879 ||| Stepping ~*~*~tactically~*~*~ (outnumbered).
  5880 | D:9      | 5880 ||| Stepping ~*~*~tactically~*~*~ (outnumbered).
  5882 | D:9      | 5882 ||| Stepping ~*~*~tactically~*~*~ (outnumbered).
  5884 | D:9      | 5884 ||| Stepping ~*~*~tactically~*~*~ (outnumbered).
  5900 | D:9      | Found an iron altar of Okawaru.
  5901 | D:9      | 5901 ||| PLANNING OKAWARU WORSHIP
  5901 | D:9      | 5901 ||| DROPPING +0 robe of fire resistance.
  5902 | D:9      | 5902 ||| UPGRADING to +0 troll leather armour.
  5912 | D:9      | 5912 ||| DROPPING +2 ring mail of cold resistance.
  5913 | D:9      | 5913 ||| READING 3 scrolls of identify.
  5913 | D:9      | 5913 ||| IDENTIFYING glowing pink potion
  5914 | D:9      | 5914 ||| DROPPING potion of degeneration.
  5922 | D:9      | Became a worshipper of Warmaster Okawaru
  5923 | D:9      | 5923 ||| PLANNING D:1-11
  6025 | D:10     | Entered Level 10 of the Dungeon
  6047 | D:10     | 6047 ||| FLEEEEING.
  6048 | D:10     | 6048 ||| FLEEEEING.
  6049 | D:10     | 6049 ||| FLEEEEING.
  6051 | D:10     | 6051 ||| FLEEEEING.
  6077 | D:10     | Noticed Joseph
  6090 | D:10     | Reached skill level 6 in Dodging
  6090 | D:10     | Killed Joseph
  6129 | D:10     | Noticed a two-headed ogre
  6137 | D:10     | Killed a two-headed ogre
  6137 | D:10     | Reached * piety under Okawaru
  6168 | D:10     | Noticed Maurice
  6179 | D:10     | Killed Maurice
  6180 | D:10     | Reached skill level 1 in Invocations
  6224 | D:10     | 6224 ||| INVOKING Heroism.
  6249 | D:10     | Found a glowing golden altar of the Shining One.
  6294 | D:10     | Found a glowing silver altar of Zin.
  6297 | D:10     | Found a basalt altar of Yredelemnul.
  6365 | D:10     | Found a staircase to the Lair.
  6621 | D:10     | 6621 ||| PLANNING LAIR
  6621 | D:10     | 6621 ||| READING scroll labelled RILEBB ICIVIBORI.
  6624 | D:10     | 6624 ||| INVOKING Heroism.
  6627 | D:10     | Reached XP level 11. HP: 92/99 MP: 8/11
  6653 | Lair:1   | Entered Level 1 of the Lair of Beasts
  6654 | Lair:1   | 6654 ||| INVOKING Heroism.
  6661 | Lair:1   | Reached skill level 3 in Invocations
  6707 | Lair:1   | 6707 ||| INVOKING Heroism.
  6751 | Lair:1   | 6751 ||| INVOKING Heroism.
  6759 | Lair:1   | HP: 23/99 [elephant (12)]
  6763 | Lair:1   | Reached ** piety under Okawaru
  6765 | Lair:1   | HP: 24/99 [elephant (1)]
  6767 | Lair:1   | Reached skill level 15 in Ranged Weapons
  6768 | Lair:1   | 6768 ||| INVOKING Heroism.
  6843 | Lair:1   | 6843 ||| FLEEEEING.
  6844 | Lair:1   | 6844 ||| FLEEEEING.
  6845 | Lair:1   | 6845 ||| FLEEEEING.
  6846 | Lair:1   | 6846 ||| FLEEEEING.
  6847 | Lair:1   | 6847 ||| FLEEEEING.
  6848 | Lair:1   | 6848 ||| FLEEEEING.
  6849 | Lair:1   | 6849 ||| FLEEEEING.
  6850 | Lair:1   | 6850 ||| FLEEEEING.
  6851 | Lair:1   | 6851 ||| FLEEEEING.
  6865 | Lair:1   | Reached *** piety under Okawaru
  6883 | Lair:1   | 6883 ||| INVOKING Heroism.
  6906 | Lair:1   | 6906 ||| INVOKING Heroism.
  7014 | Lair:1   | Noticed an oklob plant
  7015 | Lair:1   | 7015 ||| INVOKING Heroism.
  7018 | Lair:1   | Killed an oklob plant
  7580 | Lair:1   | 7580 ||| DROPPING +2 pair of boots.
  7581 | Lair:1   | 7581 ||| DROPPING amulet of guardian spirit.
  7582 | Lair:1   | 7582 ||| READING 3 scrolls of identify.
  7582 | Lair:1   | 7582 ||| IDENTIFYING amethyst potion
  7614 | Lair:2   | Noticed Erica
  7615 | Lair:2   | 7615 ||| INVOKING Heroism.
  7623 | Lair:2   | Killed Erica
  7730 | Lair:2   | 7730 ||| INVOKING Heroism.
  7778 | Lair:2   | Found a hole to the Spider Nest.
  7837 | Lair:2   | 7837 ||| INVOKING Heroism.
  7871 | Lair:2   | 7871 ||| INVOKING Heroism.
  7943 | Lair:2   | Reached XP level 12. HP: 110/110 MP: 14/14
  7952 | Lair:2   | 7952 ||| DRINKING potion of cancellation.
  8106 | Lair:2   | 8106 ||| INVOKING Heroism.
  8125 | Lair:2   | Reached **** piety under Okawaru
  8237 | Lair:2   | Reached skill level 12 in Fighting
  8608 | Lair:2   | 8608 ||| DRINKING 2 metallic ruby potions.
  8674 | Lair:3   | 8674 ||| INVOKING Heroism.
  8786 | Lair:3   | Noticed a death yak
  8787 | Lair:3   | 8787 ||| INVOKING Heroism.
  8788 | Lair:3   | Noticed a death yak
  8792 | Lair:3   | Noticed a death yak
  8793 | Lair:3   | Noticed a death yak
  8797 | Lair:3   | Killed a death yak
  8798 | Lair:3   | Reached skill level 6 in Armour
  8799 | Lair:3   | Killed a death yak
  8803 | Lair:3   | Killed a death yak
  8808 | Lair:3   | 8808 ||| INVOKING Heroism.
  8810 | Lair:3   | Killed a death yak
  8811 | Lair:3   | Reached skill level 6 in Invocations
  8862 | Lair:3   | Noticed a death yak
  8863 | Lair:3   | Noticed a death yak
  8863 | Lair:3   | Noticed a death yak
  8864 | Lair:3   | 8864 ||| INVOKING Heroism.
  8866 | Lair:3   | Noticed a death yak
  8867 | Lair:3   | Noticed a death yak
  8869 | Lair:3   | Killed a death yak
  8870 | Lair:3   | Reached skill level 9 in Dodging
  8876 | Lair:3   | Killed a death yak
  8878 | Lair:3   | Killed a death yak
  8878 | Lair:3   | Reached ***** piety under Okawaru
  8879 | Lair:3   | 8879 ||| INVOKING Finesse.
  8886 | Lair:3   | Killed a death yak
  8888 | Lair:3   | Killed a death yak
  8956 | Lair:3   | 8956 ||| INVOKING Heroism.
  9173 | Lair:3   | Noticed Sonja
  9174 | Lair:3   | 9174 ||| INVOKING Finesse.
  9181 | Lair:3   | Reached XP level 13. HP: 122/122 MP: 12/18
  9187 | Lair:3   | Killed Sonja
  9255 | Lair:3   | Found a staircase to the Shoals.
  9519 | Lair:3   | 9519 ||| INVOKING Heroism.
  9721 | Lair:3   | 9721 ||| INVOKING Heroism.
  9811 | Lair:3   | 9811 ||| READING scroll labelled NIUCOAW FATOINWOUSH.
  9812 | Lair:3   | 9812 ||| READING scroll labelled NULU PIGEPIH.
  9857 | Lair:4   | 9857 ||| PLANNING GAUNTLET
  9937 | Lair:4   | 9937 ||| INVOKING Heroism.
  9962 | Lair:4   | Found a gate leading to a gauntlet.
  9972 | Gauntlet | Entered a Gauntlet
  9972 | Gauntlet | Found a runed translucent gate.
  9972 | Gauntlet | Found a transporter.
  9972 | Gauntlet | Found a runed translucent gate.
  9972 | Gauntlet | Found a runed translucent gate.
  9979 | Gauntlet | Found a transporter.
  9982 | Gauntlet | Found a transporter.
  9996 | Gauntlet | Found a transporter.
  9998 | Gauntlet | Found a transporter.
 10003 | Gauntlet | Noticed a reaper
 10005 | Gauntlet | Found a transporter.
 10026 | Gauntlet | Found a transporter.
 10034 | Gauntlet | Found a transporter.
 10045 | Gauntlet | Found a transporter.
 10057 | Gauntlet | Found a transporter.
 10058 | Gauntlet | Found a transporter.
 10059 | Gauntlet | Found a transporter.
 10089 | Gauntlet | Found a transporter.
 10140 | Gauntlet | Found a transporter.
 10233 | Gauntlet | Reached skill level 9 in Invocations
 10234 | Gauntlet | 10234 ||| INVOKING Heroism.
 10235 | Gauntlet | HP: 22/122 [cane toad simulacrum (9)]
 10236 | Gauntlet | 10236 ||| DRINKING potion of heal wounds.
 10274 | Gauntlet | Identified the ring "Wuprur" {rC- Will++ SInv}
 10276 | Gauntlet | 10276 ||| UPGRADING to ring "Wuprur" {rC- Will++ SInv}.
 10302 | Gauntlet | 10302 ||| INVOKING Heroism.
 10306 | Gauntlet | HP: 19/122 [tengu conjurer/bolt of lightning (14)]
 10306 | Gauntlet | HP: 8/122 [tengu warrior/+0 long sword (11)]
 10306 | Gauntlet | HP: 2/122 [tengu warrior/+0 long sword (6)]
 10395 | Gauntlet | 10395 ||| INVOKING Heroism.
 10398 | Gauntlet | Killed a reaper
 10439 | Gauntlet | 10439 ||| DROPPING ring of wizardry.
 10456 | Gauntlet | Identified the +3 flail of Tines {freeze, rN+ rCorr Str+2}
 10456 | Gauntlet | Identified the ring "Virual" {rPois rF++ Will- Dex+5}
 10456 | Gauntlet | Noticed a minotaur
 10458 | Gauntlet | 10458 ||| INVOKING Heroism.
 10459 | Gauntlet | 10459 ||| INVOKING Finesse.
 10471 | Gauntlet | Killed a minotaur
 10517 | Gauntlet | Identified the amulet "Narepug" {Reflect rF+ Str+2 SH+5}
 10534 | Gauntlet | 10534 ||| INVOKING Heroism.
 10575 | Gauntlet | 10575 ||| DROPPING +2 robe of willpower.
 10576 | Gauntlet | 10576 ||| UPGRADING to amulet "Narepug" {Reflect rF+ Str+2
                  | SH+5}.
 10586 | Gauntlet | 10586 ||| DROPPING amulet of regeneration.
 10587 | Gauntlet | 10587 ||| DROPPING +4 ring of slaying {mikee}.
 10588 | Gauntlet | 10588 ||| UPGRADING to ring "Virual" {rPois rF++ Will-
                  | Dex+5}.
 10590 | Gauntlet | 10590 ||| REMOVING ring of poison resistance.
 10591 | Gauntlet | 10591 ||| UPGRADING to +4 ring of protection.
 10592 | Gauntlet | 10592 ||| UPGRADING to ring "Wuprur" {rC- Will++ SInv}.
 10594 | Gauntlet | 10594 ||| READING scroll labelled LESIRI IHAUMU.
 10655 | Lair:4   | 10655 ||| PLANNING LAIR
 10943 | Lair:4   | Received a gift from Okawaru
 11217 | Lair:4   | 11217 ||| DROPPING +1 pair of boots of stealth.
 11229 | Lair:5   | Entered Level 5 of the Lair of Beasts
 11244 | Lair:5   | 11244 ||| INVOKING Heroism.
 11297 | Lair:5   | Noticed Snorg
 11298 | Lair:5   | 11298 ||| INVOKING Finesse.
 11308 | Lair:5   | 11308 ||| INVOKING Heroism.
 11321 | Lair:5   | Killed Snorg
 11397 | Lair:5   | Noticed Rupert
 11398 | Lair:5   | 11398 ||| INVOKING Heroism.
 11399 | Lair:5   | 11399 ||| INVOKING Finesse.
 11406 | Lair:5   | Paralysed by Rupert for 2 turns
 11411 | Lair:5   | Killed Rupert
 11509 | Lair:5   | Reached skill level 12 in Dodging
 11526 | Lair:5   | Reached XP level 14. HP: 124/133 MP: 20/20
 11542 | Lair:5   | 11542 ||| INVOKING Heroism.
 11569 | Lair:5   | Reached skill level 15 in Fighting
 11654 | Lair:5   | Found a viscous altar of Jiyva.
 11660 | Lair:5   | Found a staircase to the Slime Pits.
 11691 | Lair:5   | Received a gift from Okawaru
 11698 | Lair:5   | 11698 ||| INVOKING Heroism.
 11708 | Lair:5   | Received a gift from Okawaru
 12101 | Lair:5   | 12101 ||| INVOKING Heroism.
 12288 | Lair:5   | 12288 ||| INVOKING Heroism.
 12399 | Lair:5   | Reached skill level 9 in Armour
 12405 | Lair:5   | Received a gift from Okawaru
 12445 | Lair:5   | 12445 ||| INVOKING Heroism.
 12535 | Lair:5   | 12535 ||| INVOKING Heroism.
 12600 | Lair:5   | 12600 ||| INVOKING Heroism.
 12601 | Lair:5   | HP: 2/138 [death yak simulacrum (55)]
 12602 | Lair:5   | 12602 ||| READING scroll of teleportation.
 12602 | Lair:5   | Mangled by a death yak simulacrum

Levels and vault maps discovered:
D:1:      minmay_arrival_nine_rooms, layout_basic,
          ebering_ecumenical_altar_petrified, hangedman_decor_push,
          serial_bayou_pond_e, hex_medium, hangedman_feature_mirror,
          minmay_hedge_maze
D:2:      layout_loops_ring, basic_altar, serial_shops, shop
D:3:      layout_basic, mainiacjoe_overflow_24_doors
D:4:      layout_loops_ring, kennysheep_generic_room_15
D:5:      layout_basic
D:6:      layout_cave_pools, kennysheep_windowed_goal
D:7:      gammafunk_cloud_chamber, layout_gridville, minmay_temple_entry_statues
D:8:      layout_loops_ring, overflow_temple_1_default, uniq_psyche
D:9:      layout_rooms, trog_butcher_becter, okawaru_altar_gauntlet_db,
          serial_shops, nicolae_shop_pleasant_corner_grove, serial_rivers,
          chequers_serial_rivers_small_3, chequers_serial_rivers_micro_b,
          chequers_serial_rivers_micro_b, chequers_serial_rivers_room_b
D:10:     layout_irregular_city, lemuel_tele_altar, nicolae_overflow_squiral,
          david_lair_shrubbed, uniq_joseph, uniq_maurice
Temple:   nicolae_temple_superstar
Lair:1:   layout_cave_pods
Lair:2:   layout_loops_ring, dummy_spider_entry, serial_bayou_shore_b,
          lemuel_fruit_tree, infiniplex_staircase_pool, grunt_megastairs_5,
          uniq_erica
Lair:3:   layout_layer_cave, minmay_shoals_entry_centaurs, uniq_sonja
Lair:4:   layout_hall_layers, gauntlet_entry_generic, serial_bayou_pond_a
Lair:5:   due_jungle_book, layout_loops_ring, minmay_slime_entry_pillars,
          serial_bayou_pond_a, serial_bayou_pond_c, grunt_megastairs_4,
          uniq_snorg, uniq_rupert

Skill      XL: |  1  2  3  4  5  6  7  8  9 10 11 12 13 14 |
---------------+-------------------------------------------+-----
Ranged Weapons | 3 4 5 6 7 9 11 12 14 16 | 16.1
Fighting       | 2 3 4 5 7 8 9 11 13 14 16 | 16.4
Armour         | 2 3 4 5 6 7 9 |  9.0
Dodging        | 3 5 6 7 9 12 13 | 13.0
Invocations    | 2 4 8 10 | 10.0
Spellcasting   | |  1.0
Hexes          | |  2.0

Action                     |  1- 3 |  4- 6 |  7- 9 | 10-12 | 13-15 || total
---------------------------+-------+-------+-------+-------+-------++-------
   Fire: Sling             |    83 |   149 |    31 |       |       ||   263
         Orcbow            |       |       |   283 |   493 |   534 ||  1310
 Invoke: Heroism           |       |       |       |    19 |    18 ||    37
         Finesse           |       |       |       |     2 |     3 ||     5
    Use: Scroll            |     7 |     5 |     7 |     4 |     4 ||    27
         Potion            |       |       |     4 |     3 |     1 ||     8
 Armour: Leather armour    |     4 |       |       |       |       ||     4
         Ring mail         |     5 |    55 |    91 |    58 |       ||   209
         Troll leather arm |       |       |       |   101 |   143 ||   244
  Dodge: Dodged            |    21 |    35 |    95 |   308 |   502 ||   961
  Block: Other             |       |       |       |       |    91 ||    91

Table legend:
 A = Non-vault XP
 B = Vault XP
 C = Vault XP percentage of total XP
 D = Non-vault monster count
 E = Vault monster count
 F = Vault count percentage of total count
                 A         B        C        D         E       F
            +---------+---------+-------+---------+---------+-------
      Total |   66784 |   24242 |  26.6 |     364 |      72 |  16.5
            +---------+---------+-------+---------+---------+-------
        D:1 |      27 |       0 |   0.0 |      17 |       0 |   0.0
        D:2 |      75 |       0 |   0.0 |      15 |       0 |   0.0
        D:3 |     143 |       0 |   0.0 |      21 |       0 |   0.0
        D:4 |     623 |       2 |   0.3 |      25 |       1 |   3.8
        D:5 |     213 |       0 |   0.0 |      12 |       0 |   0.0
        D:6 |    1146 |      42 |   3.5 |      31 |       1 |   3.1
        D:7 |    1143 |       0 |   0.0 |      31 |       0 |   0.0
        D:8 |    2678 |     346 |  11.4 |      27 |       1 |   3.6
        D:9 |    1293 |     324 |  20.0 |       6 |      10 |  62.5
       D:10 |    1859 |    1274 |  40.7 |       5 |       3 |  37.5
     Lair:1 |    8256 |       0 |   0.0 |      29 |       0 |   0.0
     Lair:2 |    4551 |    1403 |  23.6 |      21 |       3 |  12.5
     Lair:3 |   16058 |    1232 |   7.1 |      43 |       5 |  10.4
     Lair:4 |    6445 |       0 |   0.0 |      23 |       0 |   0.0
     Lair:5 |   22274 |   14398 |  39.3 |      58 |      35 |  37.6
   Gauntlet |       0 |    5221 | 100.0 |       0 |      13 | 100.0
            +---------+---------+-------+---------+---------+-------
